 Dungeon Crawl Stone Soup version 0.18-a0-1702-gd20c6a5 (webtiles) character file.

46 namelastname112 the Ruffian (level 3, 0/34 HPs)
             Began as a Naga Monk on Apr 7, 2016.
             Slain by a worm (7 damage)
             ... on level 2 of the Dungeon.
             The game lasted 00:01:26 (719 turns).

namelastname112 the Ruffian (Naga Monk)              Turns: 719, Time: 00:01:26

Health: 0/34       AC:  6    Str: 14    XL:     3   Next: 68%
Magic:  3/3        EV:  8    Int: 10    God:
Gold:   55         SH:  0    Dex: 13    Spells: 0 memorised, 2 levels left

rFire  . . .     SeeInvis +       - Unarmed
rCold  . . .     Gourm    .     d - +2 scale mail {rPois}
rNeg   . . .     Faith    .     (no shield)
rPois  +         Spirit   .     (no helmet)
rElec  .         Dismiss  .     (no cloak)
rCorr  .         Reflect  .     (no gloves)
SustAt .         Harm     .     (no barding)
MR     .....                    (no amulet)
Stlth  +.........               (no ring)
                                (no ring)

@: very slow, not resistant to hostile enchantments, very unstealthy
A: see invisible, deformed body, poison resistance, slowness 2, slow metabolism
1, spit poison 2, AC +1
a: Spit Poison


You were on level 2 of the Dungeon.
You were not hungry.

You visited 1 branch of the dungeon, and saw 2 of its levels.

You collected 55 gold pieces.

Inventory:

Armour
 d - a +2 scale mail of poison resistance (worn)
Scrolls
 a - a scroll of identify {unknown}
 c - a scroll of remove curse {unknown}
 h - a scroll of teleportation {unknown}
Potions
 e - a potion of ambrosia {unknown}
 f - 2 potions of agility {unknown}
 g - a potion of invisibility {unknown}
 j - a potion of curing {unknown}
Comestibles
 b - 2 bread rations
 i - a meat ration


   Skills:
 + Level 3.3 Fighting
 + Level 1.0 Armour
 + Level 2.6 Dodging
 - Level 3.0 Stealth
 * Level 4.6 Unarmed Combat


You had 2 spell levels left.
You didn't know any spells.

Dungeon Overview and Level Annotations

Branches:
Dungeon (2/15)

Altars:


Innate Abilities, Weirdness & Mutations

You cannot wear boots.
Your serpentine skin is tough (AC +1).
You have supernaturally acute eyesight.
Armour fits poorly on your strangely shaped body.
Your system is resistant to poisons.
You cover ground very slowly.
You have a slow metabolism.
You can spit poison.


Message History

The worm is moderately wounded.
The worm bites you.
You can't do that yet.
A worm is nearby!
You hit the worm.
The worm is moderately wounded.
Your scale mail prevents you from hitting the worm.
The worm is moderately wounded.
The worm completely misses you.
You punch the worm!
The worm is severely wounded.
You have got your breath back.
You hit the worm but do no damage.
The worm is severely wounded.
The worm bites you.
* * * LOW HITPOINT WARNING * * *
You barely miss the worm.
The worm is heavily wounded.
The worm bites you!
You die...

.... ...#### #.
....... #.# w[...#
#.# ###).#..##
..###.###(........
.............#####
#.###.##...#####
#. #.......w@.# #
#.###..#...###.# #
#..##..##.## .# #
#.....##.# .# #
#..##.##.# .. #
#[.##.##.# .. #
#).##.##.. ... #
#..##.##. ...
#####........


You could see a worm.

Vanquished Creatures
  Terence (D:2)
  A dart slug (D:1)
  A giant gecko (D:1)
  3 goblins
  6 hobgoblins
  4 jackals (D:1)
  2 bats
18 creatures vanquished.

Notes
Turn   | Place    | Note
--------------------------------------------------------------
     0 | D:1      | namelastname112 the Naga Monk began the quest for the Orb.
     0 | D:1      | Reached XP level 1. HP: 21/21 MP: 1/1
     0 | D:1      | jacquesderrida: демана довай...
    13 | D:1      | namelastname112: если нага помрет
    42 | D:1      | Wingboner: Я не понимаю, чем тебе так нравятся монки.
    42 | D:1      | jacquesderrida: спс...
    61 | D:1      | Wingboner: "если"?
   154 | D:1      | jacquesderrida: елси
   226 | D:1      | Wingboner: Челси.
   226 | D:1      | namelastname112: не верят в меня
   261 | D:1      | Reached XP level 2. HP: 21/28 MP: 2/2
   685 | D:2      | Noticed Terence
   689 | D:2      | Reached XP level 3. HP: 31/34 MP: 3/3
   710 | D:2      | Killed Terence
   710 | D:2      | Reached skill level 1 in Armour
   719 | D:2      | Slain by a worm

Vault maps used:
D:1:      mushboom_english_gardens, grunt_decor_arrowhead
D:2:      lightli_temple_of_fire, kennysheep_small_spiral,
          corexii_hall_statues_deadend, uniq_terence

Skill      XL: |  1  2  3 |
---------------+----------+-----
Armour         | 1 |  1.0
Fighting       | |  3.3
Dodging        | |  2.6
Stealth        | |  3.0
Unarmed Combat | |  4.6

Action                   || total
-------------------------++-------
Melee: Unarmed           ||    77
 Abil: Spit Poison       ||     1
 Stab: Sleeping          ||     1
